 Seeded DCSS version 0.28-a0-823-gb444dcf96d (webtiles) character file.

Game seed: 5494768922653061978 (custom seed)

387 croobank the Sneak (level 6, 0/25 HPs)
             Began as a Felid Enchanter on Nov 9, 2021.
             Was an Initiate of Gozag.
             Slain by a bullfrog skeleton (4 damage)
             ... on level 7 of the Dungeon.
             The game lasted 00:48:35 (8329 turns).

croobank the Sneak (Felid Enchanter)                Turns: 8329, Time: 00:48:37

Health: 0/25       AC:  2    Str:  6    XL:     6   Next: 49%
Magic:  11/12      EV: 19    Int: 16    God:    Gozag
Gold:   313        SH:  0    Dex: 17    Spells: 5/12 levels left
                                        Lives:  0   Deaths: 2

rFire   . . .      SeeInvis +     - Unarmed
rCold   . . .      Faith    .   (shield unavailable)
rNeg    . . .      Spirit   .   (armour unavailable)
rPois   +          Reflect  .   (helmet unavailable)
rElec   .          Harm     .   (cloak unavailable)
rCorr   .          Rampage  .   (gloves unavailable)
Will    .....                   (boots unavailable)
Stlth   ++++......              (no amulet)
HPRegen 0.08/turn               c - ring of poison resistance
MPRegen 0.13/turn               a - ring of flight

@: flying, quick
A: very small, claws 1, fangs 3, see invisible, speed 1, shaggy fur 2, stealthy
paws, no weapons or thrown items, no armour, multi-lived
a: Renounce Religion, Potion Petition, Call Merchant, Bribe Branch


You were on level 7 of the Dungeon.
You worshipped Gozag.
Gozag was aware of your devotion.
You visited 2 branches of the dungeon, and saw 8 of its levels.

You collected 423 gold pieces.
You paid 110 gold pieces to Gozag.

Inventory:

Missiles
 e - 98 stones
Jewellery
 a - a ring of flight (right paw)
 c - a ring of poison resistance (left paw)
 d - an amulet of the acrobat
Wands
 g - a wand of flame (20)
 m - a wand of digging (5)
Scrolls
 f - 2 scrolls of noise {unknown}
 i - a scroll of blinking {unknown}
 k - a scroll of brand weapon {unknown}
 l - a scroll of fog {unknown}
Potions
 b - a potion of cancellation
 j - a potion of resistance


   Skills:
 + Level 1.3 Fighting
 + Level 4.3 Dodging
 + Level 7.9 Stealth
 + Level 4.4 Unarmed Combat
 + Level 3.8 Spellcasting
 + Level 7.0 Hexes
 + Level 0.6 Transmutations
 + Level 2.4 Ice Magic


You had 5 spell levels left.
You knew the following spells:

 Your Spells              Type           Power      Damage    Failure   Level
a - Ensorcelled Hibernat  Hex/Ice        36%        N/A       3%          2
b - Confusing Touch       Hex            25%        N/A       2%          3
c - Wereblood             Tmut           5%         N/A       21%         2

Your spell library contained the following spells:

 Spells                   Type           Power      Damage    Failure   Level
 Tukima's Dance           Hex            25%        N/A       2%          3
 Dazzling Flash           Conj/Hex       28%        N/A       12%         3
 Ozocubu's Armour         Ice            11%        N/A       19%         3
 Sublimation of Blood     Necr           3%         N/A       26%         2
 Leda's Liquefaction      Hex/Erth       7%         N/A       38%         4
 Call Canine Familiar     Summ           3%         N/A       45%         3
 Metabolic Englaciation   Hex/Ice        9%         N/A       56%         5
 Simulacrum               Ice/Necr       3%         N/A       100%        6
 Summon Hydra             Summ           1%         N/A       100%        7
 Portal Projectile        Hex/Tloc       Unusable   N/A       N/A         3

Dungeon Overview and Level Annotations

Branches:
Dungeon (7/15)             Temple (1/1) D:5

Altars:
Ashenzari
Cheibriados
Dithmenos
Elyvilon
Fedhas
Gozag
Hepliaklqana
Kikubaaqudgha
Makhleb
Nemelex Xobeh
Okawaru
Qazlal
Ru
Sif Muna
Trog
Uskayaw
Vehumet
Xom
Yredelemnul
Zin
The Shining One

Shops:
D:5 :

Annotations:
D:3 Grinder


Innate Abilities, Weirdness & Mutations

You have sharp claws.
You have razor-sharp teeth.
You have supernaturally acute eyesight. (SInv)
You cover ground quickly. (Speed+)
You are covered in thick fur. (AC +2)
Your paws help you pounce on unaware monsters.
You are incapable of wielding weapons or throwing items.
You cannot wear armour.
You gain extra lives every three experience levels.


Message History

You scratch the bullfrog skeleton.
The bullfrog skeleton is almost destroyed.
The bullfrog skeleton closely misses you.
You scratch the bullfrog skeleton.
The bullfrog skeleton is almost destroyed.
Casting: Wereblood (safe; 21% risk of failure)
Confirm with . or Enter, or press ? or * to list all spells.
Aiming: Ensorcelled Hibernation (safe; 3% risk of failure)
Press: ? - help, Shift-Dir - straight line, f - hound
Aim: a hound (chance to affect: 57%)
The hound looks drowsy...
The bullfrog skeleton hits you.
You barely miss the bullfrog skeleton.
The bullfrog skeleton is almost destroyed.
The hound barks!
The hound misses you.
The bullfrog skeleton closely misses you.
The hound completely misses you.
You scratch the hound. You bite the hound.
The hound is moderately wounded.
The bullfrog skeleton misses you. The hound closely misses you.
You miss the hound. Your bite misses the hound.
The hound is moderately wounded.
The hound bites you.
The bullfrog skeleton barely misses you.
You barely miss the hound.
The hound is moderately wounded.
The hound closely misses you.
The bullfrog skeleton closely misses you.
The hound bites you.
You scratch the hound.
The hound is heavily wounded.
The bullfrog skeleton completely misses you.
The hound misses you.
You miss the hound. You bite the hound, but do no damage.
The hound is heavily wounded.
The bullfrog skeleton hits you.
* * * LOW HITPOINT WARNING * * *
The hound barely misses you. The bullfrog skeleton hits you.
You die...
Your body crumbles into a pile of gold.

.!.
(..##
....# .
...( .#
#.. .#
#..##
.#
#.Zh##
.#
#@.##.#
##.<.#
#...#
#....#
#.####
#.# #
#.. #.
##. #.
.#


You could see a hound and a bullfrog skeleton.

Vanquished Creatures
  Sigmund (D:3)
  A water moccasin (D:5)
  An ogre (D:6)
  2 centaurs
  A bullfrog (D:6)
  A killer bee (D:7)
  A howler monkey (D:6)
  A bullfrog zombie (D:5)
  2 hounds
  A bullfrog skeleton (D:4)
  Jessica (D:3)
  Natasha (thrice) (D:2)
  Terence (D:2)
  An orc wizard (D:6)
  Ijyb (D:3)
  6 gnolls
  2 adders
  A shadow imp (D:5)
  An ufetubus (D:5)
  2 worms
  A dart slug (D:5)
  9 orcs
  6 endoplasms
  2 giant cockroaches
  6 hobgoblins
  3 jackals (D:3)
  A quokka (D:2)
  6 ball pythons
  3 bats
  3 frilled lizards
  2 goblins (D:1)
  6 kobolds
  2 rats (D:1)
81 creatures vanquished.

Vanquished Creatures (others)
  7 fungi (D:3)
  2 toadstools (D:3)
9 creatures vanquished.

Grand Total: 90 creatures vanquished

Notes
Turn   | Place    | Note
-------+----------+-------------------------------------------
     0 | D:1      | croobank the Felid Enchanter began the quest for the Orb.
     0 | D:1      | Reached XP level 1. HP: 7/7 MP: 4/4
   133 | D:2      | Noticed Natasha
   148 | D:2      | Noticed a crimson imp
   392 | D:1      | Found a faded altar of an unknown god.
   557 | D:1      | Reached XP level 2. HP: 10/11 MP: 6/6
   636 | D:2      | Learned a level 2 spell: Ensorcelled Hibernation
  1038 | D:2      | Noticed Terence
  1053 | D:2      | Killed Natasha
  1054 | D:2      | Reached XP level 3. HP: 10/14 MP: 1/7
  1108 | D:2      | Noticed Natasha
  2039 | D:2      | Learned a level 3 spell: Confusing Touch
  2160 | D:2      | Killed Natasha
  2161 | D:2      | Reached skill level 5 in Stealth
  2161 | D:2      | Reached skill level 5 in Hexes
  2161 | D:2      | Reached XP level 4. HP: 11/18 MP: 6/8
  2387 | D:3      | Learned a level 2 spell: Wereblood
  2570 | D:2      | Noticed Natasha
  2692 | D:2      | Killed Terence
  2807 | D:2      | Killed Natasha
  2910 | D:2      | Reached XP level 5. HP: 21/21 MP: 6/9
  3306 | D:3      | Noticed Grinder
  3441 | D:3      | Noticed Sigmund
  3451 | D:3      | Killed Sigmund
  3452 | D:3      | Reached skill level 1 in Ice Magic
  3452 | D:3      | Gained mutation: You are covered in thick fur. (AC +2)
                  | [Felid growth]
  3452 | D:3      | Reached XP level 6. HP: 21/25 MP: 7/11
  3638 | D:3      | Noticed Jessica
  3647 | D:3      | Killed Jessica
  3837 | D:3      | Noticed Ijyb
  3998 | D:3      | Killed Ijyb
  5427 | D:4      | Reached XP level 7. HP: 28/28 MP: 12/12
  5466 | D:5      | Entered Level 5 of the Dungeon
  6074 | D:5      | Found Tujosonu's Book Shoppe.
  6195 | D:5      | Found a staircase to the Ecumenical Temple.
  6217 | Temple   | Entered the Ecumenical Temple
  7332 | D:6      | Shot with an arrow by a centaur
  7333 | D:6      | Reached XP level 6. HP: -3/25 MP: 12/12
  7638 | Temple   | Became a worshipper of Gozag Ym Sagoz the Greedy
  7694 | D:6      | Reached skill level 1 in Fighting
  7817 | D:6      | Reached XP level 7. HP: 28/28 MP: 10/13
  8298 | D:6      | HP: 1/28 [killer bee (3)]
  8299 | D:6      | Succumbed to a killer bee's poison
  8300 | D:6      | Reached XP level 6. HP: -1/25 MP: 6/12
  8329 | D:7      | Slain by a bullfrog skeleton

Illustrated notes

Levels and vault maps discovered:
D:1:      kennysheep_arrival_seaside, layout_basic, basic_ecumenical_altar
D:2:      layout_loops_ring, bh_walls_and_bars, uniq_terence, uniq_natasha
D:3:      layout_basic, minmay_gold_behind_fungi, uniq_sigmund, uniq_jessica,
          uniq_grinder, uniq_ijyb
D:4:      layout_basic, grunt_ministairs_14
D:5:      layout_basic, minmay_temple_entry_junction_2, serial_shops,
          nicolae_shop_stone, serial_park_tiny_1
D:6:      layout_basic
D:7:      layout_layer_cave, mainiacjoe_overflow_alcove_1, uniq_joseph,
          uniq_pikel, uniq_harold
Temple:   roderic_octagonal_lattice_temple

Skill      XL: |  1  2  3  4  5  6  7 |
---------------+----------------------+-----
Dodging        | 3 4 |  4.3
Stealth        | 5 6 7 |  7.9
Hexes          | 5 7 |  7.0
Unarmed Combat | 2 3 4 |  4.4
Ice Magic      | 1 2 |  2.4
Spellcasting   | 3 |  3.8
Fighting       | 1 |  1.3
Transmutations | |  0.6

Action                   |  1- 3 |  4- 6 |  7- 9 || total
-------------------------+-------+-------+-------++-------
Melee: Unarmed           |    66 |   121 |    77 ||   264
       Bite              |     7 |    10 |     8 ||    25
       Punch             |       |     1 |       ||     1
 Cast: Ensorcelled Hiber |    10 |    24 |    20 ||    54
       Wereblood         |       |     5 |     2 ||     7
       Confusing Touch   |       |     2 |     1 ||     3
  Use: Potion            |     1 |     5 |     3 ||     9
       Scroll            |       |     5 |     2 ||     7
 Stab: Sleeping          |     9 |    20 |    11 ||    40
       Confused          |       |     1 |       ||     1
       Distracted        |       |       |     2 ||     2
Armor: Skin              |     3 |     2 |     4 ||     9
Dodge: Dodged            |    45 |    89 |    98 ||   232

Table legend: (Time is in decaauts)
 A = Elapsed time spent in this place.
 B = Non-inter-level travel time spent in this place.
 C = Inter-level travel time spent in this place.
 D = Time resting spent in this place.
 E = Time spent auto-exploring this place.
 F = Levels seen in this place.
 G = Mean time per level.
                   A        B        C        D        E       F      G
               +--------+--------+--------+--------+--------+-----+--------+
         Total |   7393 |   7151 |    242 |   2806 |   3063 |   8 |  924.1 |
       Dungeon |   7044 |   6847 |    197 |   2806 |   2780 |   7 | 1006.3 |
        Temple |    349 |    304 |     45 |      0 |    283 |   1 |  349.0 |
               +--------+--------+--------+--------+--------+-----+--------+

Top non-repeatable levels by time:
     D:1: 1310 daAuts
     D:5: 1299 daAuts
     D:2: 1241 daAuts
     D:3: 1239 daAuts
     D:4: 1058 daAuts
     D:6: 852 daAuts
  Temple: 349 daAuts
     D:7: 42 daAuts
